 Dungeon Crawl Stone Soup version 0.30-a0-141-g30f27751c5 (webtiles) character file.

Game seed: 3217159996869006400

46 Sobieck the Chopper (level 3, 0/30 HPs)
             Began as a Ghoul Gladiator on Sept 25, 2022.
             Slain by a gnoll
             ... wielding a +0 spear
              (3 damage)
             ... on level 2 of the Dungeon.
             The game lasted 00:02:21 (1018 turns).

Sobieck the Chopper (Ghoul Gladiator)               Turns: 1018, Time: 00:02:22

Health: 0/30       AC:  6    Str: 17    XL:     3   Next: 68%
Magic:  2/2        EV: 11    Int:  3    God:
Gold:   75         SH:  0    Dex: 12    Spells: 2/2 levels left

rFire   . . .      SeeInvis .    a - +0 war axe {axe}
rCold   + . .      Faith    .    (no shield)
rNeg    + + +      Spirit   .    q - +0 ring mail
rPois   ∞          Reflect  .    c - +0 helmet
rElec   .          Harm     .    (no cloak)
rCorr   .          Rampage  .    (no gloves)
Will    .....                    (no boots)
Stlth   +.........               (no amulet)
HPRegen 0.00/turn                (no ring)
MPRegen 0.08/turn                (no ring)

@: inhibited regen
A: claws 1, cold resistance 1, negative energy resistance 3, inhibited
regeneration, torment resistance 2, devour on kill
a: no special abilities


You were on level 2 of the Dungeon.
You visited 1 branch of the dungeon, and saw 2 of its levels.

You collected 75 gold pieces.


Innate Abilities, Weirdness & Mutations

You are immune to poison.
You have sharp fingernails.
Your flesh is cold resistant. (rC+)
You are immune to negative energy. (rN+++)
You do not regenerate when monsters are visible.
You are immune to unholy pain and torment.
You thrive by killing the living.


   Skills:
 + Level 2.8 Fighting
 * Level 3.5 Axes
 - Level 1.7 Throwing
 + Level 1.1 Armour
 - Level 2.6 Dodging


You had 2 spell levels left.
You didn't know any spells.
Your spell library contained the following spells:

 Spells                   Type           Power      Damage    Failure   Level
 Gell's Gravitas          Tloc           0%         N/A       98%         3
 Lesser Beckoning         Tloc           0%         N/A       98%         3
 Teleport Other           Tloc           0%         N/A       98%         3

Inventory:

Hand Weapons
 a - a +0 war axe (weapon) {axe}
Missiles
 d - 3 throwing nets (quivered) {=f!fthrowing}
 e - a javelin {throwing}
 f - 13 stones {throwing}
 k - 6 datura-tipped darts {throwing}
Armour
 b - a +0 leather armour
 c - a +0 helmet (worn)
 n - a +0 leather armour
   (You found it on level 1 of the Dungeon)
 q - a +0 ring mail (worn)
   (You found it on level 2 of the Dungeon)
Magical Staves
 s - a staff of air {!astaff}
   (You found it on level 2 of the Dungeon)
Scrolls
 g - a scroll of teleportation {unknown}
 h - a scroll of torment {unknown}
 j - a scroll of poison {unknown}
 l - a scroll of amnesia {unknown}
 m - a scroll of magic mapping {unknown}
 o - a scroll of immolation {unknown}
 r - a scroll of brand weapon {unknown}
Potions
 i - a potion of curing {unknown}
 p - 2 potions of heal wounds {unknown}

Dungeon Overview and Level Annotations

Branches:
Dungeon (2/15) Zot: 10949

Altars:

#.........# #.#######.#
#)#######.#
###.#.#...†...########
....#.#..#####...<...###
#####.#..# .............
....#.#.#####[..........
###.#.#........g).......
..#.#.#######...@g......
#.#.#.# #.####......
#.#.#.# #†# ##...
..#.#.#######.. .
................
....#.#####+#....
####### ...#.# .....
.....# #..## ..## #


You could see 2 gnolls.


Message History

Unknown command.
You slash the worm!
You kill the worm!
You feel better.
Your Armour skill increases to level 1!
You see here a worm corpse.
Unknown command.
r - a scroll labelled XOTYMA RODDI Unknown command.
s - a staff of air {!astaff} You open the door.
There is an open door here.
A ball python comes into view.
The ball python hisses angrily.
Danger!
You hit the ball python.
You kill the ball python!
No target in view!
No target in view!
Found a stone staircase leading down.
Unknown command.
A frilled lizard comes into view.
The frilled lizard hisses angrily.
Danger!
The frilled lizard bites you but does no damage.
You miss the frilled lizard. The frilled lizard barely misses you.
You slash the frilled lizard!
You kill the frilled lizard!
No target in view!
No target in view!
You see here a frilled lizard corpse.
There is a stone staircase leading down here.
There is a stone staircase leading down here.
You see here a +0 club {mace}.
A worm comes into view.
Danger!
Found an escape hatch in the ceiling.
You slash the worm! The worm bites you.
You hit the worm. The worm bites you but does no damage.
You slash the worm!
You kill the worm!
No target in view!
Okay, then.
Unknown command.
You see here a worm corpse.
A rat comes into view.
Danger! 2 gnolls come into view.
The gnoll shouts!
A gnoll comes into view. It is wielding a +0 spear.
The rat bites you but does no damage.
You hit the rat.
You kill the rat!
The gnoll shouts!
The gnoll hits you but does no damage. The gnoll closely misses you. x2
A giant cockroach comes into view.
You slash the gnoll!
You kill the gnoll!
You hit the gnoll. The gnoll closely misses you.
The gnoll hits you but does no damage.
You closely miss the gnoll.
The gnoll hits you from afar with a +0 spear.
The gnoll closely misses you. x2
You hit the gnoll. You hit the giant cockroach.
The giant cockroach bites you but does no damage.
The gnoll hits you from afar with a +0 spear.
The gnoll hits you but does no damage. The giant cockroach closely misses you.
You hit the gnoll but do no damage. You closely miss the giant cockroach.
The giant cockroach closely misses you. The gnoll hits you but does no damage.
The gnoll hits you with a +0 spear.
You are too injured to fight recklessly!
You are too injured to fight recklessly!
You hit the giant cockroach. You hit the gnoll.
The giant cockroach barely misses you. The gnoll barely misses you.
The gnoll hits you with a +0 spear. The giant cockroach barely misses you.
The gnoll hits you from afar with a +0 spear.
The gnoll barely misses you.
Unknown command.
You slash the giant cockroach!
You kill the giant cockroach!
You hit the gnoll.
The gnoll hits you from afar with a +0 spear.
* * * LOW HITPOINT WARNING * * *
The gnoll hits you with a +0 spear.
* * * LOW HITPOINT WARNING * * *
Unknown command.
The gnoll hits you with a +0 spear.
* * * LOW HITPOINT WARNING * * *
The gnoll hits you with a +0 spear.
* * * LOW HITPOINT WARNING * * *
You see here a giant cockroach corpse.
Unknown command.
You hit the gnoll. You barely miss the gnoll. The gnoll barely misses you.
The gnoll hits you with a +0 spear.
* * * LOW HITPOINT WARNING * * *
Unknown command.
You hit the gnoll but do no damage. You completely miss the gnoll.
The gnoll barely misses you. The gnoll hits you but does no damage.
The gnoll misses you. The gnoll hits you with a +0 spear.
You die...

Skill      XL: |  1  2  3 |
---------------+----------+-----
Axes           | 3 |  3.5
Armour         | 1 |  1.1
Fighting       | |  2.8
Throwing       | |  1.7
Dodging        | |  2.6

Action                   || total
-------------------------++-------
Melee: War axe           ||    83
       Punch             ||     1
 Stab: Sleeping          ||     1
Armor: Leather armour    ||    21
       Ring mail         ||    11
Dodge: Dodged            ||    60

Levels and vault maps discovered:
D:1:      dpeg_arrival_pits, layout_loops_ring, chequers_ecumenical_altar_island
D:2:      layout_basic

Notes
Turn   | Place    | Note
-------+----------+-------------------------------------------
     0 | D:1      | Sobieck the Ghoul Gladiator began the quest for the Orb.
     0 | D:1      | Reached XP level 1. HP: 17/17 MP: 0/0
   146 | D:1      | Reached skill level 3 in Axes
   146 | D:1      | Reached XP level 2. HP: 19/25 MP: 1/1
   443 | D:1      | You pick up a book of Displacement and begin reading...
   443 | D:1      | You add the spells Lesser Beckoning, Gell's Gravitas and
                  | Teleport Other to your library.
   447 | D:1      | Found a faded altar of an unknown god.
   536 | D:1      | Reached XP level 3. HP: 30/30 MP: 2/2
   852 | D:2      | Reached skill level 1 in Armour
  1016 | D:2      | HP: 7/30 [gnoll/+0 spear (5)]
  1017 | D:2      | HP: 3/30 [gnoll/+0 spear (1)]
  1018 | D:2      | Slain by a gnoll

Vanquished Creatures
  A gnoll (D:2)
  2 worms (D:2)
  A bat (D:1)
  An endoplasm (D:1)
  3 giant cockroaches
  A goblin (D:1)
  3 hobgoblins (D:1)
  A quokka (D:1)
  7 ball pythons
  4 frilled lizards
  3 kobolds (D:1)
  5 rats
32 creatures vanquished.

Table legend:
 A = Non-vault XP
 B = Vault XP
 C = Vault XP percentage of total XP
 D = Non-vault monster count
 E = Vault monster count
 F = Vault count percentage of total count
                 A         B        C        D         E       F
            +---------+---------+-------+---------+---------+-------
      Total |      67 |       0 |   0.0 |      32 |       0 |   0.0
            +---------+---------+-------+---------+---------+-------
        D:1 |      37 |       0 |   0.0 |      24 |       0 |   0.0
        D:2 |      30 |       0 |   0.0 |       8 |       0 |   0.0
            +---------+---------+-------+---------+---------+-------

Illustrated notes

Table legend:
 A = Kills in this place as a percentage of kills in entire the game.
 B = Kills by you in this place as a percentage of kills by you in the entire game.
 C = Kills by friends in this place as a percentage of kills by friends in the entire game.
 D = Other kills in this place as a percentage of other kills in the entire game.
 E = Experience gained in this place as a percentage of experience gained in the entire game.
 F = Experience gained in this place divided by the number of levels of this place that you have seen.
                   A       B       C       D       E      F
               +-------+-------+-------+-------+-------+----------------------
         Total | 100.0 | 100.0 |   N/A |   N/A | 100.0 |  33.5
       Dungeon | 100.0 | 100.0 |   N/A |   N/A | 100.0 |  33.5
               +-------+-------+-------+-------+-------+----------------------

Table legend: (Time is in decaauts)
 A = Elapsed time spent in this place.
 B = Non-inter-level travel time spent in this place.
 C = Inter-level travel time spent in this place.
 D = Time resting spent in this place.
 E = Time spent auto-exploring this place.
 F = Levels seen in this place.
 G = Mean time per level.
                   A        B        C        D        E       F      G
               +--------+--------+--------+--------+--------+-----+--------+
         Total |   1049 |   1041 |      8 |      0 |    824 |   2 |  524.5 |
       Dungeon |   1049 |   1041 |      8 |      0 |    824 |   2 |  524.5 |
               +--------+--------+--------+--------+--------+-----+--------+

Top non-repeatable levels by time:
     D:1: 807 daAuts
     D:2: 241 daAuts
